 Dungeon Crawl Stone Soup version 0.26-a0-524-g073066f631 (webtiles) character file.

Game seed: 4696990461820980877

15645 ANON1729 the Party-goer (level 12, -3/88 HPs)
             Began as a Demonspawn Transmuter on Aug 13, 2020.
             Was a Priest of Uskayaw.
             Slain by a freezing wraith (14 damage)
             ... in an ice cave.
             The game lasted 00:45:04 (15665 turns).

ANON1729 the Party-goer (Demonspawn Transmuter)    Turns: 15665, Time: 00:45:05

Health: -3/88      AC: 18    Str: 11    XL:     12   Next: 3%
Magic:  20/20      EV: 15    Int: 18    God:    Uskayaw [***...]
Gold:   743        SH:  0    Dex: 15    Spells: 3/22 levels left

rFire    . . .     SeeInvis .     - Unarmed
rCold    . . .     Faith    +   (no shield)
rNeg     . . .     Spirit   .   a - +0 robe
rPois    .         Reflect  .   (no helmet)
rElec    .         Harm     .   E - +2 cloak
rCorr    .                      (gloves unavailable)
MR       .....                  (no boots)
Stlth    +.........             w - amulet of faith
HPRegen  0.24/turn              q - +4 ring of protection
MPRegen  0.17/turn              (no ring)

@: sanguine armour, slowed, very slow
A: claws 3, powered by death 1, rot immunity, sanguine armour 2
a: Stomp, Line Pass, Renounce Religion


You were in an ice cave.
You worshipped Uskayaw.
Uskayaw was aware of your devotion.
You visited 3 branches of the dungeon, and saw 15 of its levels.
You also visited: Bailey and Ice Cave.

You collected 743 gold pieces.

Inventory:

Hand Weapons
 G - the +7 quarterstaff of Bodily Harmony {vorpal, MR++ Str-4 Stlth+, unknown}
   (You found it on level 1 of the Lair of Beasts)

   It inflicts extra damage upon your enemies.
   It affects your strength (-4).
   It affects your resistance to hostile enchantments.
   It makes you more stealthy.
Armour
 a - a +0 robe (worn)
 E - a +2 cloak (worn)
 J - a +2 buckler
Jewellery
 c - an uncursed amulet of magic regeneration
 q - a +4 ring of protection (left claw)
 t - an uncursed ring of fire
 w - an amulet of faith (around neck)
Wands
 f - a wand of polymorph (16)
 j - a wand of iceblast (2)
 r - a wand of paralysis (2)
 v - a wand of flame (20)
 A - a wand of acid (6)
Scrolls
 b - 2 scrolls of blinking
 e - a scroll of enchant weapon
 h - 11 scrolls of remove curse
 l - 3 scrolls of enchant armour
 o - 5 scrolls of immolation
 u - a scroll of torment
 D - 4 scrolls of fog
 F - a scroll of fear
 H - 2 scrolls of brand weapon
Potions
 d - 2 potions of flight
 g - 5 potions of curing
 i - 2 potions of resistance {unknown}
 k - 2 potions of degeneration {unknown}
 m - a potion of haste {unknown}
 n - 2 potions of heal wounds {unknown}
 p - 3 potions of mutation {unknown}
 s - a potion of magic {unknown}
 x - a potion of berserk rage
 z - 2 potions of ambrosia {unknown}
 B - 2 potions of brilliance {unknown}
 C - 2 potions of might {unknown}
Miscellaneous
 y - a box of beasts (inert)


   Skills:
 + Level 6.2 Fighting
 + Level 5.8 Dodging
 * Level 8.4 Unarmed Combat
 + Level 5.9 Spellcasting
 * Level 8.4 Transmutations
 + Level 4.6 Ice Magic
 + Level 0.1 Earth Magic
 + Level 5.7 Poison Magic
 * Level 9.0 Invocations
 + Level 3.6 Evocations


You had 3 spell levels left.
You knew the following spells:

 Your Spells              Type           Power        Failure   Level
a - Beastly Appendage     Tmut           #####.       1%          1
b - Wereblood             Tmut           #####...     1%          2
c - Spider Form           Tmut/Pois      ####......   1%          3
d - Ice Form              Ice/Tmut       ####....     9%          4
e - Blade Hands           Tmut           #####.....   11%         5
f - Petrify               Tmut/Erth      ###.....     21%         4

Your spell library contained the following spells:

 Spells                   Type           Power        Failure   Level
 Confusing Touch          Hex            #.......     36%         3
 Gell's Gravitas          Tloc           #.........   36%         3
 Yara's Violent Unravell  Hex/Tmut       ###.......   52%         5
 Metabolic Englaciation   Hex/Ice        ##........   78%         5
 Bolt of Magma            Conj/Fire/Erth #.........   97%         5
 Iskenderun's Battlesphe  Conj           #.......     98%         5
 Iron Shot                Conj/Erth      #.........   100%        6
 Orb of Destruction       Conj           #.........   100%        7
 Spellforged Servitor     Conj/Summ      #.........   100%        7


Dungeon Overview and Level Annotations

Branches:
Dungeon (11/15)            Temple (1/1) D:4            Lair (3/6) D:10
 Bailey (visited)           IceCv (1/1)
  Swamp: Lair:2-4    Shoals: Lair:2-4     Snake: Lair:2-4    Spider: Lair:2-4
    Orc: D:9-12

Altars:
Ashenzari
Cheibriados
Dithmenos
Elyvilon
Fedhas
Gozag
Hepliaklqana
Kikubaaqudgha
Makhleb
Nemelex Xobeh
Okawaru
Qazlal
Ru
Sif Muna
Trog
Uskayaw
Vehumet
Wu Jian
Xom
Yredelemnul
Zin
The Shining One

Shops:
D:6 (   D:9 *

Annotations:
D:11 Grum
Lair:1 exclusion: hydra


Innate Abilities, Weirdness & Mutations

You have claws for hands.
You regenerate a little health from kills.
You are immune to rotting.
When seriously injured, your bleeding wounds create thick armour. (AC +9)


Message History

The freezing wraith hits you. The freezing wraith freezes you!
The freezing wraith hits you but does no damage.
Evoke which item? (* to show all) (? for menu, Esc to quit)
Aiming: Paralyse
Press: ? - help, Shift-Dir - straight line, f/p - freezing wraith
Aim: a freezing wraith (chance to defeat MR: 38%)
The freezing wraith resists with some effort.
The freezing wraith hits you! The freezing wraith freezes you!
* * * LOW HITPOINT WARNING * * *
The freezing wraith barely misses you. The freezing wraith misses you.
The freezing wraith hits you but does no damage.
Evoke which item? (* to show all) (? for menu, Esc to quit)
Aiming: Paralyse
Press: ? - help, Shift-Dir - straight line, f/p - freezing wraith
Aim: a freezing wraith (chance to defeat MR: 38%)
The freezing wraith resists with some effort.
The freezing wraith hits you.
* * * LOW HITPOINT WARNING * * *
The freezing wraith freezes you!
You die...

#..#...#...#
#..#.....#
#..##.....##
##..##.....#
##.###...##
#..## .W...#
#..######
##..# .W...
##..## #..##
.Y... #...##
##..# ....
##...##
#..## ...#
##...####W##
##...##@.#
##..#..##
#.....#
##...##
#####


You could see a freezing wraith.

Vanquished Creatures
  2 hydras (Lair:1)
  An elephant (Lair:1)
  A torpor snail (Lair:2)
  A black mamba (Lair:2)
  4 cane toads
  3 rime drakes
  3 komodo dragons
  5 freezing wraiths (IceCv)
  3 dream sheep
  3 hippogriffs (Lair:1)
  5 blink frogs (Lair:2)
  A meliai zombie (D:10)
  Sigmund (D:6)
  4 yaks (D:10)
  A death yak simulacrum (IceCv)
  A basilisk (Lair:2)
  A steam dragon (D:9)
  4 water moccasins
  3 porcupines
  3 orc warriors (Bailey)
  6 ice beasts (IceCv)
  A black bear (D:10)
  3 phantoms
  An alligator simulacrum (IceCv)
  2 centaurs
  4 wolves (Lair:2)
  2 ogres (D:4)
  5 crocodiles
  A big kobold (D:10)
  10 bullfrogs
  A gnoll sergeant (D:10)
  A scorpion (Temple)
  11 killer bees
  5 wights (D:6)
  7 howler monkeys
  A bullfrog zombie (D:9)
  2 hounds
  3 jellies
  3 orc priests
  7 orc wizards
  2 centaur skeletons
  Jessica (D:3)
  4 iguanas
  3 worker ants
  2 wolf simulacra (IceCv)
  4 worker ant zombies (D:5)
  18 gnolls
  11 adders
  A shadow imp (D:5)
  10 white imps
  3 ufetubi
  An ooze (D:3)
  An adder zombie (D:8)
  5 adder skeletons
  4 worms
  6 leopard geckos
  27 orcs
  6 giant cockroaches
  11 goblins
  4 hobgoblins
  5 jackals
  5 quokkas
  9 bats
  4 frilled lizards
  A giant cockroach zombie (D:5)
  A jackal zombie (D:5)
  9 kobolds
  A leopard gecko zombie (D:5)
  A quokka zombie (D:6)
  10 rats
  A fungus (Lair:2)
  A plant (Lair:1)
298 creatures vanquished.

Vanquished Creatures (others)
  20 plants
20 creatures vanquished.

Grand Total: 318 creatures vanquished

Notes
Turn   | Place    | Note
-------+----------+-------------------------------------------
     0 | D:1      | ANON1729 the Demonspawn Transmuter began the quest for the
                  | Orb.
     0 | D:1      | Reached XP level 1. HP: 15/15 MP: 3/3
   201 | D:1      | Gained mutation: You are immune to rotting. [demonic
                  | ancestry]
   201 | D:1      | Reached XP level 2. HP: 18/21 MP: 5/5
   893 | D:2      | Gained mutation: You regenerate a little health from kills.
                  | [demonic ancestry]
   893 | D:2      | Reached XP level 3. HP: 17/26 MP: 6/6
  1434 | D:2      | Gained mutation: You have sharp fingernails. [demonic
                  | ancestry]
  1434 | D:2      | Reached XP level 4. HP: 17/32 MP: 7/7
  1853 | D:1      | Learned a level 2 spell: Wereblood
  1857 | D:1      | Learned a level 3 spell: Spider Form
  2366 | D:3      | Noticed Jessica
  2386 | D:3      | Killed Jessica
  2386 | D:3      | Reached XP level 5. HP: 25/38 MP: 8/8
  2809 | D:3      | Reached skill level 1 in Poison Magic
  2903 | D:3      | Found an iron altar of Okawaru.
  3157 | D:3      | Gained mutation: You have very sharp fingernails. [demonic
                  | ancestry]
  3157 | D:3      | Reached XP level 6. HP: 40/44 MP: 10/10
  3190 | D:4      | Found a staircase to the Ecumenical Temple.
  3199 | Temple   | Entered the Ecumenical Temple
  3366 | Temple   | HP: 2/44 [poisoned by a scorpion]
  4099 | D:4      | Gained mutation: You have claws for hands. [demonic
                  | ancestry]
  4099 | D:4      | Reached XP level 7. HP: 44/51 MP: 11/11
  5097 | D:5      | Entered Level 5 of the Dungeon
  5577 | D:5      | Learned a level 4 spell: Ice Form
  5609 | D:5      | Reached skill level 5 in Unarmed Combat
  5621 | D:5      | Reached XP level 8. HP: 18/58 MP: 13/13
  5925 | D:5      | Reached skill level 1 in Ice Magic
  5926 | D:5      | Reached skill level 5 in Transmutations
  5941 | D:5      | Noticed a +0 dagger
  6129 | D:5      | Noticed a +0 dagger
  6130 | D:5      | Found a hide-covered altar of Uskayaw.
  6141 | D:5      | Became a worshipper of Uskayaw the Reveler
  6213 | D:5      | Reached * piety under Uskayaw
  6475 | D:5      | Reached ** piety under Uskayaw
  6597 | D:6      | Found a sacrificial altar of Ru.
  6643 | D:6      | Found Liss's Weapon Emporium.
  6695 | D:6      | Noticed Sigmund
  6702 | D:6      | Killed Sigmund
  6702 | D:6      | Reached skill level 1 in Invocations
  6702 | D:6      | Reached *** piety under Uskayaw
  6831 | D:6      | Found a white marble altar of Elyvilon.
  6831 | D:6      | Found a shimmering altar of Xom.
  6831 | D:6      | Found a sacrificial altar of Ru.
  7406 | D:7      | Reached skill level 2 in Invocations
  7742 | D:7      | You fall into a shaft and drop 3 floors!
  7742 | D:10     | Entered Level 10 of the Dungeon
  7758 | D:11     | Noticed a hippogriff
  7758 | D:11     | Noticed Grum
  7769 | D:10     | Gained mutation: When seriously injured, your bleeding
                  | wounds create armour. (AC +9) [demonic ancestry]
  7769 | D:10     | Reached XP level 9. HP: 52/65 MP: 12/15
  7773 | D:10     | Reached **** piety under Uskayaw
  7793 | D:10     | Reached skill level 3 in Invocations
  8101 | D:10     | Reached skill level 4 in Invocations
  8103 | D:10     | Reached ***** piety under Uskayaw
  8165 | D:10     | Found a flagged portal.
  8201 | Bailey   | Entered a bailey
  8201 | Bailey   | Noticed an orc knight
  8214 | Bailey   | Noticed an orc knight
  8258 | Bailey   | Noticed an orc knight
  8554 | D:10     | Reached skill level 5 in Invocations
  8587 | D:10     | Found a staircase to the Lair.
  8588 | D:10     | Noticed a komodo dragon
  8638 | D:10     | Killed a komodo dragon
  8638 | D:10     | Reached XP level 10. HP: 73/73 MP: 17/17
  8972 | D:9      | Learned a level 5 spell: Blade Hands
  9375 | D:9      | Found Qaijed's Demolitions Depot.
  9715 | D:8      | Found a hazy altar of Hepliaklqana.
  9923 | D:8      | Found a blossoming altar of Fedhas.
 10194 | D:8      | Found a shimmering altar of Xom.
 10544 | D:7      | Reached skill level 1 in Evocations
 10801 | D:7      | Found a shadowy altar of Dithmenos.
 11183 | D:6      | Reached skill level 6 in Invocations
 11207 | D:6      | Reached skill level 5 in Spellcasting
 11464 | Lair:1   | Entered Level 1 of the Lair of Beasts
 11508 | Lair:1   | Got a steaming quarterstaff
 11636 | Lair:1   | Reached skill level 5 in Fighting
 11954 | Lair:1   | Found a hazy altar of Hepliaklqana.
 11976 | Lair:1   | Noticed an elephant
 12086 | Lair:1   | Noticed a four-headed hydra
 12099 | Lair:1   | Killed a four-headed hydra
 12099 | Lair:1   | Reached skill level 5 in Dodging
 12099 | Lair:1   | Noticed an eight-headed hydra
 12119 | Lair:1   | Killed an eight-headed hydra
 12131 | Lair:1   | Reached skill level 7 in Invocations
 12265 | Lair:1   | Killed an elephant
 12265 | Lair:1   | Gained mutation: When seriously injured, your bleeding
                  | wounds create thick armour. (AC +9) [demonic ancestry]
 12265 | Lair:1   | Reached XP level 11. HP: 26/80 MP: 15/18
 12535 | Lair:1   | Noticed a seven-headed hydra
 12739 | Lair:2   | Reached skill level 5 in Poison Magic
 13649 | Lair:2   | Reached skill level 8 in Invocations
 14900 | Lair:3   | Found a frozen archway.
 15050 | IceCv    | Entered an ice cave
 15366 | IceCv    | Reached XP level 12. HP: 31/88 MP: 18/20
 15621 | IceCv    | Learned a level 4 spell: Petrify
 15659 | IceCv    | Reached skill level 9 in Invocations
 15665 | IceCv    | Slain by a freezing wraith

Illustrated notes

Levels and vault maps discovered:
D:1:      nicolae_arrival_somewhat_less_tricky_arrival, layout_loops_ring,
          minmay_misc_feat_tiny
D:2:      layout_loops_cross
D:3:      layout_loops_ring, okawaru_ov_weapons_minmay, uniq_jessica
D:4:      layout_cave_pools, minmay_temple_entry_grid
D:5:      layout_gridville, dancing_weapons_uskayaw, serial_undead,
          serial_undead_e, serial_undead_d, serial_undead_a, serial_undead_b
D:6:      layout_loops_corners, gammafunk_temple_overflow_forgotten,
          serial_shops, shop, nicolae_ru_sacrificial_ziggurat, uniq_sigmund
D:7:      layout_loops_cross, grunt_dithmenos_smoke
D:8:      layout_gridville, nicolae_overflow_crystal_walls,
          hangedman_feature_mirror, minmay_misc_feat_pillars,
          small_statue_intersection
D:9:      layout_grid_maze, nicolae_blasting_shop
D:10:     layout_big_octagon, david_lair_shrubbed, lightli_bailey_entry_fortress
D:11:     lemuel_bear_cage, layout_basic, grunt_ministairs_3, hangedman_ranch
          [blue_anna_fruit_fields], uniq_grum
Temple:   compressed_dpeg_circular_temple
Lair:1:   wad_woods_stonehenge, layout_gridlike
Lair:2:   layout_small_grid, serial_bayou_lagoon_b
Lair:3:   layout_big_grid, portal_ice_cave_rime, serial_bayou_pond_b
IceCv:    ice_cave_small_necro

Skill      XL: |  1  2  3  4  5  6  7  8  9 10 11 12 |
---------------+-------------------------------------+-----
Transmutations | 2 3 4 5 6 7 8 |  8.4
Unarmed Combat | 3 4 5 6 7 8 |  8.4
Dodging        | 2 3 4 5 |  5.8
Fighting       | 2 3 4 5 6 |  6.2
Poison Magic   | 1 2 3 4 5 |  5.7
Spellcasting   | 3 4 5 |  5.9
Ice Magic      | 1 2 3 4 |  4.6
Invocations    | 2 5 7 8 9 |  9.0
Evocations     | 2 3 |  3.6
Earth Magic    | |  0.1

Action                   |  1- 3 |  4- 6 |  7- 9 | 10-12 || total
-------------------------+-------+-------+-------+-------++-------
Melee: Unarmed           |   121 |   132 |   360 |   424 ||  1037
       Kick              |    13 |    28 |    22 |     3 ||    66
       Headbutt          |    11 |    10 |    15 |     5 ||    41
       Punch             |     2 |     2 |     3 |     2 ||     9
 Cast: Beastly Appendage |    19 |    20 |    17 |     3 ||    59
       Spider Form       |       |     3 |     9 |     5 ||    17
       Ice Form          |       |       |     7 |    31 ||    38
       Blade Hands       |       |       |       |     1 ||     1
Invok: Stomp             |       |       |     2 |     1 ||     3
 Abil: End Transformatio |       |       |     1 |       ||     1
Evoke: Wand              |       |       |    16 |    26 ||    42
       Box of beasts     |       |       |       |     4 ||     4
  Use: Scroll            |       |     4 |     4 |     8 ||    16
       Potion            |       |     1 |     2 |       ||     3
 Stab: Sleeping          |     1 |     2 |     1 |       ||     4
       Paralysed         |       |       |    16 |    40 ||    56
Armor: Robe              |    20 |    10 |    46 |    39 ||   115
       Skin              |       |       |    48 |    71 ||   119
Dodge: Dodged            |    90 |    82 |   266 |   263 ||   701

Table legend: (Time is in decaauts)
 A = Elapsed time spent in this place.
 B = Non-inter-level travel time spent in this place.
 C = Inter-level travel time spent in this place.
 D = Time resting spent in this place.
 E = Time spent auto-exploring this place.
 F = Levels seen in this place.
 G = Mean time per level.
                   A        B        C        D        E       F      G
               +--------+--------+--------+--------+--------+-----+--------+
         Total |  15649 |  14942 |    707 |   6223 |   5976 |  17 |  920.5 |
       Dungeon |  10548 |   9918 |    630 |   3441 |   4576 |  11 |  958.9 |
        Temple |    817 |    802 |     15 |    694 |     69 |   1 |  817.0 |
          Lair |   3593 |   3533 |     60 |   1619 |   1293 |   3 | 1197.7 |
        Bailey |     69 |     69 |      0 |     29 |      0 |   1 |   69.0 |
      Ice Cave |    620 |    620 |      0 |    440 |     38 |   1 |  620.0 |
               +--------+--------+--------+--------+--------+-----+--------+

Top non-repeatable levels by time:
  Lair:2: 1879 daAuts
     D:5: 1655 daAuts
     D:2: 1550 daAuts
  Lair:1: 1418 daAuts
     D:6: 1092 daAuts
    D:10: 1012 daAuts
     D:4: 1008 daAuts
     D:7: 902 daAuts
     D:3: 902 daAuts
     D:8: 832 daAuts
  Temple: 817 daAuts
     D:1: 808 daAuts
     D:9: 781 daAuts
   IceCv: 620 daAuts
  Lair:3: 294 daAuts
